 Dungeon Crawl Stone Soup version 0.28.0-45-g0d030f2227 (webtiles) character file.

Game seed: 16049583360224248228

2015 zeratav the Insei (level 9, -11/61 HPs)
             Began as an Octopode Transmuter on Apr 11, 2022.
             Was an Initiate of Ashenzari.
             Shot with a sling bullet by Joseph (20 damage)
             ... on level 7 of the Dungeon on Apr 12, 2022.
             The game lasted 00:13:20 (9471 turns).

zeratav the Insei (Octopode Transmuter)             Turns: 9471, Time: 00:13:21

Health: -11/61     AC:  1    Str: 10    XL:     9   Next: 22%
Magic:  11/12      EV: 15    Int: 21    God:    Ashenzari [......]
Gold:   383        SH:  0    Dex: 16    Spells: 8/12 levels left

rFire   . . .      SeeInvis +     - Unarmed
rCold   . . .      Faith    .   (no shield)
rNeg    . . .      Spirit   .   (helmet restricted)
rPois   .          Reflect  .   (no amulet)
rElec   .          Harm     .   c - +6 ring of intelligence
rCorr   .          Rampage  .   r - ring of see invisible
Will    .....                   (no ring)
Stlth   ++++......              (no ring)
HPRegen 0.20/turn               (no ring)
MPRegen 0.13/turn               (no ring)
                                (no ring)
                                (no ring)

@: lethally poisoned (-11 -> -13)
A: almost no armour, amphibious, 8 rings, camouflage 1, gelatinous body 1,
(nimble swimmer 1), tentacles
a: Renounce Religion, Curse Item


You were on level 7 of the Dungeon.
You worshipped Ashenzari.
Ashenzari was noncommittal.
You visited 2 branches of the dungeon, and saw 8 of its levels.

You collected 383 gold pieces.


Innate Abilities, Weirdness & Mutations

You cannot wear most types of armour.
You are amphibious.
You can wear up to eight rings at the same time.
Your skin changes colour to match your surroundings (Stealth+).
Your rubbery body absorbs attacks. (AC +1, EV +1)
((You are camouflaged when in or above water. (Stealth+)))
You have tentacles for arms and can constrict up to eight enemies at once.


   Skills:
 + Level 5.0 Fighting
 + Level 5.3 Dodging
 - Level 5.0 Stealth
 * Level 7.8 Unarmed Combat
 - Level 2.0 Spellcasting
 + Level 3.8 Transmutations
 + Level 3.0 Ice Magic


You had 8 spell levels left.
You knew the following spells:

 Your Spells              Type           Power      Damage    Failure   Level
a - Beastly Appendage     Tmut           36%        N/A       3%          1
b - Spider Form           Tmut/Pois      10%        N/A       21%         3

Your spell library contained the following spells:

 Spells                   Type           Power      Damage    Failure   Level
 Wereblood                Tmut           18%        N/A       4%          2
 Animate Skeleton         Necr           4%         N/A       14%         1
 Apportation              Tloc           4%         N/A       14%         1
 Summon Small Mammal      Summ           8%         N/A       14%         1
 Sublimation of Blood     Necr           2%         N/A       22%         2
 Ice Form                 Ice/Tmut       16%        N/A       34%         4
 Stone Arrow              Conj/Erth      4%         3d7       41%         3
 Summon Hydra             Summ           1%         N/A       100%        7
 Borgnjor's Revivificati  Necr           1%         N/A       100%        8
 Lehudib's Crystal Spear  Conj/Erth      1%         10d2      100%        8
 Necromutation            Tmut/Necr      5%         N/A       100%        8
 Death's Door             Necr           1%         N/A       100%        9
 Animate Armour           Summ/Erth      Unusable   N/A       N/A         4

Inventory:

Jewellery
 c - a +6 ring of intelligence (left tentacle)
   (You found it on level 1 of the Dungeon)
 r - a ring of see invisible (right tentacle)
   (You found it on level 5 of the Dungeon)
Wands
 m - a wand of acid (14)
   (You found it on level 4 of the Dungeon)
 t - a wand of digging (5)
   (You found it on level 6 of the Dungeon)
 v - a wand of iceblast (7)
   (You found it on level 7 of the Dungeon)
Scrolls
 b - 4 scrolls of identify {unknown}
 d - a scroll of holy word {unknown}
 g - 2 scrolls of magic mapping {unknown}
 i - 2 scrolls of enchant weapon {unknown}
 n - a scroll of amnesia {unknown}
 o - 2 scrolls of enchant armour {unknown}
 s - 3 scrolls of teleportation {unknown}
 u - 2 scrolls of blinking {unknown}
Potions
 a - 3 potions of mutation {unknown}
 e - 2 potions of attraction {unknown}
 f - 3 potions of flight {unknown}
 h - 2 potions of haste {unknown}
 j - 3 potions of curing {unknown}
 k - a potion of invisibility {unknown}
 l - a potion of brilliance {unknown}
 p - 3 potions of heal wounds {unknown}
 q - 2 potions of magic {unknown}

Dungeon Overview and Level Annotations

Branches:
Dungeon (7/15)             Temple (1/1) D:6

Altars:
Ashenzari
Dithmenos
Elyvilon
Fedhas
Gozag
Kikubaaqudgha
Nemelex Xobeh
Sif Muna
Trog
Uskayaw
Xom
Yredelemnul
Zin
The Shining One

Annotations:
D:2 Sigmund
D:7 Joseph

#.......###.##### ##### #.......#
#.# ..... #.......# #.# .....
#.......# #.# ..... ######.># #.#
..... #### #.#####
.....############ #......
.....#....##....#################
.....'....o.o.o.@.............# #
.....#....##@...#############.# #
.((.########....# #.# # ....
#....# #.# # ?.. ###### #.# # ...
#.# # .. #.# # ## #.# # #.# #


You could see Joseph, an orc priest and 2 orcs.


Message History

You regained 3 hp, and now have 53/61 hp.
Your mp is fully restored (12).
You now have 360 gold pieces (gained 14).
You now have 372 gold pieces (gained 12).
You pick up a Necronomicon and begin reading...
You add the spells Borgnjor's Revivification, Necromutation and Death's Door to your library.
HP[+8]
Your hp is fully restored (61).
As you open the door, it creaks loudly!
There is an open door here.
You now have 383 gold pieces (gained 11).
You open the door.
A scorpion and 5 orcs come into view.
Casting: Spider Form (dangerous; 21% risk of failure)
Confirm with . or Enter, or press ? or * to list all spells.
You turn into a venomous arachnid creature.
MP[-3]
You lost 3 mp, and now have 9/12 mp.
Joseph, an orc and an orc priest come into view.
The orc shouts! x3; The orc priest shouts!
The orc shouts!
There is an open door here.
The orc priest begins to cast a cantrip, but forgets the words!
MP[+1]
The orc completely misses you.
You bite the orc!
You kill the orc!
You hit the orc.
The orc is poisoned.
Your transformation is almost over.
The orc hits you from afar with a +0 trident.
The orc hits you with a +3 hand axe.
HP[-5]
You take 5 damage, and now have 56/61 hp.
You hit the orc but do no damage. The orc closely misses you.
The orc hits you with a +3 hand axe.
HP[-5]
You take 5 damage, and now have 51/61 hp.
You completely miss the orc.
You kill the orc!
The orc hits you from afar with a +0 trident.
HP[-2]
You take 2 damage, and now have 49/61 hp.
You hit the scorpion.
The scorpion is poisoned.
Joseph shouts, "Intruder!"
The scorpion completely misses you. The orc misses you.
HP[+1]
You hit the scorpion. The scorpion stings you.
You are poisoned.
The scorpion poisons you!
HP[-1]
You take 1 damage, and now have 49/61 hp.
You barely miss the scorpion.
You feel very sick.
You kill the scorpion!
The orc hits you from afar with a +0 trident.
Joseph says, "You must be punished!
Or...
I want to punish you!"
Your Ice Magic skill increases to level 3!
HP[-8] MP[+1]
You take 8 damage, and now have 41/61 hp.
You hit the orc.
The orc is poisoned.
You feel very sick. The orc barely misses you. The orc misses you.
HP[-3]
You take 3 damage, and now have 38/61 hp.
You barely miss the orc.
You feel very sick. The orc completely misses you. The orc barely misses you.
HP[-3]
You take 3 damage, and now have 35/61 hp.
You hit the orc.
You kill the orc!
You feel sick.
Joseph unwields a +0 quarterstaff.
Joseph wields a +0 hunting sling.
Joseph shoots a sling bullet.
The sling bullet barely misses you.
The orc priest calls down the wrath of Beogh upon you.
Beogh smites you!
* * * LOW HITPOINT WARNING * * *
The orc completely misses you.
HP[-13]
You take 13 damage, and now have 22/61 hp.
MASSIVE DAMAGE!! (PAUSE)
You are too injured to fight recklessly!
You are too injured to fight recklessly!
You are too injured to fight recklessly!
You feel sick.
The orc priest miscasts a cantrip.
HP[-1]
You take 1 damage, and now have 21/61 hp.
Your transformation has ended.
You feel sick.
HP[-2]
You take 2 damage, and now have 19/61 hp.
You feel sick.
HP[-1]
You take 1 damage, and now have 18/61 hp.
You feel sick.
Joseph shoots a sling bullet.
The sling bullet hits you!
* * * LOW HITPOINT WARNING * * *
HP[-8]
You take 8 damage, and now have 10/61 hp.
You feel sick.
Joseph shoots a sling bullet.
The sling bullet hits you!!
You die...

Skill      XL: |  1  2  3  4  5  6  7  8  9 |
---------------+----------------------------+-----
Stealth        | 1 2 3 4 5 |  5.0
Fighting       | 2 3 4 5 |  5.0
Unarmed Combat | 4 5 6 7 |  7.8
Dodging        | 3 4 5 |  5.3
Ice Magic      | 2 3 |  3.0
Transmutations | 3 |  3.8
Spellcasting   | |  2.0

Action                   |  1- 3 |  4- 6 |  7- 9 || total
-------------------------+-------+-------+-------++-------
Melee: Unarmed           |    82 |   115 |   191 ||   388
       Tentacles         |    16 |    20 |    26 ||    62
       Kick              |    24 |    43 |    37 ||   104
       Constrict         |    26 |    33 |    32 ||    91
       Punch             |     3 |     3 |     4 ||    10
 Cast: Beastly Appendage |    21 |    36 |    29 ||    86
       Spider Form       |       |     1 |    13 ||    14
 Stab: Sleeping          |     7 |     7 |     9 ||    23
       Distracted        |       |     1 |       ||     1
Armor: Skin              |     6 |     9 |     9 ||    24
Dodge: Dodged            |    58 |    64 |   139 ||   261

Levels and vault maps discovered:
D:1:      heliophobic_arrival_dark_side_of_the_moon, layout_basic
D:2:      layout_loops_ring, basic_altar, uniq_sigmund
D:3:      layout_basic, hellmonk_ecumenical_altar_arch_garden,
          minmay_misc_feat_encased
D:4:      layout_gridville, minmay_fractal_squares_gapless_5
D:5:      layout_basic, mainiacjoe_overflow_surrounded_room,
          nicolae_tso_besieged_by_evil
D:6:      layout_basic, grunt_temple_overflow_open, temple_hall,
          nrook_loot_triangle, fountainhead, minmay_liquid_box
D:7:      layout_basic, uniq_joseph
Temple:   jpeg_temple_island

Notes
Turn   | Place    | Note
-------+----------+-------------------------------------------
     0 | D:1      | zeratav the Octopode Transmuter began the quest for the
                  | Orb.
     0 | D:1      | Reached XP level 1. HP: 13/13 MP: 3/3
     0 | D:1      | magus.rc [v1.9.6]
    43 | D:1      | Reached XP level 2. HP: 12/18 MP: 5/5
   192 | D:1      | Reached skill level 1 in Stealth
   537 | D:1      | Reached XP level 3. HP: 21/23 MP: 4/6
   985 | D:2      | magus.rc [v1.9.6]
   985 | D:2      | magus.rc [v1.9.6]
  1201 | D:2      | Noticed Sigmund
  1307 | D:2      | Found a shimmering altar of Xom.
  1398 | D:2      | Reached XP level 4. HP: 28/29 MP: 5/7
  1736 | D:3      | Reached skill level 2 in Stealth
  1776 | D:3      | Learned a level 3 spell: Spider Form
  1780 | D:3      | Reached skill level 2 in Fighting
  1908 | D:3      | Found a faded altar of an unknown god.
  1997 | D:3      | Reached skill level 4 in Unarmed Combat
  2290 | D:3      | Reached XP level 5. HP: 10/34 MP: 6/8
  3256 | D:4      | Reached skill level 3 in Dodging
  3501 | D:4      | Reached skill level 3 in Stealth
  3584 | D:4      | You pick up a book of Changes and begin reading...
  3749 | D:4      | Noticed a kobold brigand
  3763 | D:4      | Killed a kobold brigand
  3764 | D:4      | Reached XP level 6. HP: 12/41 MP: 5/9
  4023 | D:4      | Reached skill level 3 in Fighting
  4023 | D:4      | Reached skill level 5 in Unarmed Combat
  4269 | D:4      | Reached skill level 4 in Stealth
  4350 | D:4      | You pick up a book of Armaments and begin reading...
  4350 | D:4      | You add the spells Stone Arrow and Lehudib's Crystal Spear
                  | to your library.
  4455 | D:4      | Reached XP level 7. HP: 35/46 MP: 8/10
  4810 | D:5      | Entered Level 5 of the Dungeon
  5144 | D:5      | Reached skill level 4 in Dodging
  5502 | D:5      | Found a glowing golden altar of the Shining One.
  5687 | D:5      | Reached skill level 6 in Unarmed Combat
  5690 | D:5      | Reached skill level 5 in Stealth
  5704 | D:5      | HP: 9/47 [phantom (6)]
  5708 | D:5      | Reached XP level 8. HP: 10/54 MP: 7/11
  6045 | D:5      | Found a blossoming altar of Fedhas.
  6514 | D:6      | Found an opulent altar of Gozag.
  6515 | D:6      | Found an ancient bone altar of Kikubaaqudgha.
  6517 | D:6      | Found a shadowy altar of Dithmenos.
  6578 | D:6      | Reached skill level 4 in Fighting
  6592 | D:6      | Reached skill level 1 in Ice Magic
  7410 | D:6      | Found a staircase to the Ecumenical Temple.
  7439 | Temple   | Entered the Ecumenical Temple
  7957 | Temple   | Became a worshipper of Ashenzari the Shackled
  8234 | D:6      | Reached skill level 7 in Unarmed Combat
  8234 | D:6      | Reached skill level 3 in Transmutations
  8234 | D:6      | Reached skill level 2 in Ice Magic
  8734 | D:7      | Reached skill level 5 in Dodging
  8737 | D:7      | You pick up a book of Cantrips and begin reading...
  8737 | D:7      | You add the spells Animate Skeleton, Summon Small Mammal
                  | and Apportation to your library.
  8870 | D:7      | Reached XP level 9. HP: 59/59 MP: 8/12
  9016 | D:7      | You pick up a book of Blood and begin reading...
  9016 | D:7      | You add the spells Sublimation of Blood and Summon Hydra to
                  | your library.
  9096 | D:7      | Reached skill level 5 in Fighting
  9420 | D:7      | You add the spells Borgnjor's Revivification, Necromutation
                  | and Death's Door to your library.
  9450 | D:7      | Noticed Joseph
  9464 | D:7      | Reached skill level 3 in Ice Magic
  9470 | D:7      | HP: 10/61 [Joseph/sling bullet (7)]
  9471 | D:7      | Shot with a sling bullet by Joseph

Vanquished Creatures
  A steam dragon (D:6)
  2 ice beasts (D:7)
  A necrophage (D:6)
  A hornet zombie (D:5)
  A sky beast (D:7)
  An ogre (D:4)
  2 phantoms
  A centaur (D:7)
  A kobold brigand (D:4)
  2 scorpions
  A wyvern zombie (D:7)
  A water moccasin zombie (D:5)
  A water moccasin skeleton (D:4)
  2 wyvern skeletons (D:7)
  A howler monkey (D:6)
  A quasit (D:5)
  A bullfrog zombie (D:6)
  A centaur skeleton (D:7)
  2 hounds
  5 iguanas
  2 orc wizards (D:6)
  2 hound skeletons
  7 adders
  4 gnolls (D:3)
  2 howler monkey skeletons
  A white imp (D:6)
  A worm (D:2)
  6 dart slugs
  15 orcs
  7 endoplasms
  7 giant cockroaches
  14 goblins
  10 hobgoblins
  10 kobolds
  7 quokkas
  7 ball pythons
  5 bats
  4 frilled lizards
  A goblin skeleton (D:5)
  A hobgoblin zombie (D:5)
  A kobold skeleton (D:5)
  3 kobold zombies (D:5)
  An orc skeleton (D:5)
  3 orc zombies (D:5)
  8 rats
158 creatures vanquished.

Table legend:
 A = Non-vault XP
 B = Vault XP
 C = Vault XP percentage of total XP
 D = Non-vault monster count
 E = Vault monster count
 F = Vault count percentage of total count
                 A         B        C        D         E       F
            +---------+---------+-------+---------+---------+-------
      Total |    2677 |     202 |   7.0 |     142 |      16 |  10.1
            +---------+---------+-------+---------+---------+-------
        D:1 |      57 |       0 |   0.0 |      33 |       0 |   0.0
        D:2 |      42 |       0 |   0.0 |      22 |       0 |   0.0
        D:3 |     106 |       0 |   0.0 |      20 |       0 |   0.0
        D:4 |     293 |     147 |  33.4 |      20 |       5 |  20.0
        D:5 |     527 |      55 |   9.5 |      14 |      11 |  44.0
        D:6 |     775 |       0 |   0.0 |      20 |       0 |   0.0
        D:7 |     877 |       0 |   0.0 |      13 |       0 |   0.0
            +---------+---------+-------+---------+---------+-------

Illustrated notes

Table legend:
 A = Kills in this place as a percentage of kills in entire the game.
 B = Kills by you in this place as a percentage of kills by you in the entire game.
 C = Kills by friends in this place as a percentage of kills by friends in the entire game.
 D = Other kills in this place as a percentage of other kills in the entire game.
 E = Experience gained in this place as a percentage of experience gained in the entire game.
 F = Experience gained in this place divided by the number of levels of this place that you have seen.
                   A       B       C       D       E      F
               +-------+-------+-------+-------+-------+----------------------
         Total | 100.0 | 100.0 |   N/A |   N/A | 100.0 | 359.9
       Dungeon | 100.0 | 100.0 |   N/A |   N/A | 100.0 | 411.3
               +-------+-------+-------+-------+-------+----------------------

Table legend: (Time is in decaauts)
 A = Elapsed time spent in this place.
 B = Non-inter-level travel time spent in this place.
 C = Inter-level travel time spent in this place.
 D = Time resting spent in this place.
 E = Time spent auto-exploring this place.
 F = Levels seen in this place.
 G = Mean time per level.
                   A        B        C        D        E       F      G
               +--------+--------+--------+--------+--------+-----+--------+
         Total |   9430 |   9100 |    330 |   1791 |   6066 |   8 | 1178.8 |
       Dungeon |   8895 |   8627 |    268 |   1791 |   5598 |   7 | 1270.7 |
        Temple |    534 |    473 |     61 |      0 |    468 |   1 |  534.0 |
               +--------+--------+--------+--------+--------+-----+--------+

Top non-repeatable levels by time:
     D:5: 1695 daAuts
     D:4: 1555 daAuts
     D:3: 1384 daAuts
     D:6: 1319 daAuts
     D:7: 1087 daAuts
     D:1: 979 daAuts
     D:2: 873 daAuts
  Temple: 534 daAuts
